 Dungeon Crawl Stone Soup version 0.18.1-50-g88ac8fd (webtiles) character file.

145 lorenzova the Charmwright (level 5, 0/38 HPs)
             Began as a Merfolk Skald on Oct 18, 2016.
             Shot with a sling bullet by a hobgoblin (3 damage)
             ... on level 3 of the Dungeon.
             The game lasted 00:04:22 (3191 turns).

lorenzova the Charmwright (Merfolk Skald)           Turns: 3191, Time: 00:04:23

Health: 0/38       AC:  6    Str: 14    XL:     5   Next: 27%
Magic:  10/10      EV: 10    Int: 11    God:
Gold:   130        SH:  0    Dex: 13    Spells: 2 memorised, 8 levels left

rFire  . . .     SeeInvis .     u - +0 halberd
rCold  . . .     Gourm    .     n - +0 ring mail
rNeg   . . .     Faith    .     (shield currently unavailable)
rPois  .         Spirit   .     (no helmet)
rElec  .         Dismiss  .     (no cloak)
rCorr  .         Reflect  .     p - +0 pair of gloves
SustAt .         Harm     .     (no boots)
MR     .....                    (no amulet)
Stlth  +.........               (no ring)
                                (no ring)

@: not resistant to hostile enchantments, very unstealthy
A: change form in water, swift swim
a: no special abilities


You were on level 3 of the Dungeon.
You were not hungry.

You visited 1 branch of the dungeon, and saw 3 of its levels.

You collected 130 gold pieces.

Inventory:

Hand Weapons
 a - a +0 spear
 u - a +0 halberd (weapon)
Armour
 b - a +0 leather armour
 n - a +0 ring mail (worn)
 p - a +0 pair of gloves (worn)
Scrolls
 e - 4 scrolls of identify {unknown}
 g - a scroll of enchant armour {unknown}
 h - a scroll of enchant weapon {unknown}
 j - a scroll of fog {unknown}
 k - 3 scrolls of remove curse {unknown}
 m - a scroll of magic mapping {unknown}
 o - a scroll of immolation {unknown}
Potions
 l - 2 potions of degeneration {unknown}
 q - a potion of agility
 r - 2 potions of curing {unknown}
Books
 c - a book of Battle

   Spells                             Type                      Level
   a - Infusion                       Charms                       1
   b - Shroud of Golubria             Charms/Translocation         2
   c - Song of Slaying                Charms                       2
   d - Spectral Weapon                Hexes/Charms                 3
   e - Regeneration                   Charms/Necromancy            3
 s - a book of the Sky

   Spells                             Type                      Level
   a - Summon Lightning Spire         Summoning/Air                4
   b - Airstrike                      Air                          4
   c - Silence                        Hexes/Air                    5
   d - Deflect Missiles               Charms/Air                   6
   e - Conjure Ball Lightning         Conjuration/Air              6
   f - Tornado                        Air                          9
Comestibles
 d - a bread ration
 f - a meat ration
 i - 2 slices of pizza
 t - a beef jerky


   Skills:
 - Level 2.1 Fighting
 - Level 3.0 Polearms
 - Level 0.6 Armour
 - Level 1.3 Dodging
 + Level 3.6 Spellcasting
 + Level 5.1 Charms


You had 8 spell levels left.
You knew the following spells:

 Your Spells              Type           Power        Failure   Level  Hunger
a - Infusion              Chrm           ##..         8%          1    #......
b - Song of Slaying       Chrm           ##......     12%         2    ##.....


Dungeon Overview and Level Annotations

Branches:
Dungeon (3/15)

Altars:
Ashenzari
Sif Muna
Trog


Message History

You barely miss the goblin. The hobgoblin closely misses you.
The goblin hits you with a club. The kobold closely misses you.
The hobgoblin hits you.
The hobgoblin hits you but does no damage.
The kobold misses you. The goblin hits you but does no damage.
You barely miss the goblin. The hobgoblin hits you.
The hobgoblin hits you but does no damage.
The kobold hits you with a whip.
* * * LOW HITPOINT WARNING * * *
The goblin hits you with a club.
* * * LOW HITPOINT WARNING * * *
The hobgoblin hits you but does no damage.
The hobgoblin barely misses you. The goblin misses you.
The goblin barely misses you.
The kobold throws a stone.
The stone hits you.
* * * LOW HITPOINT WARNING * * *
You see here a stone.
The hobgoblin wields an uncursed hunting sling.
The hobgoblin shoots a sling bullet.
The sling bullet hits you.
You die...

≈≈≈≈≈≈≈≈≈≈≈≈≈≈≈≈≈≈≈≈≈≈≈≈≈≈≈≈≈≈≈≈≈
≈≈≈≈≈≈≈≈≈≈≈≈≈≈≈≈≈≈≈≈≈≈≈≈≈≈≈≈≈≈≈≈≈
≈≈≈≈≈≈≈≈≈≈≈≈≈≈≈≈≈≈≈≈≈≈≈≈≈≈≈≈≈≈≈≈≈
#################################
#....# .#........ #....# '.......
#########....#########......
.......#......#..........#
.......'......@.gg....)).#
.......#......#...gK(..(.#####
#########....#########.........
#....#......)).........
#....#.......#(........
############''###################
≈((((((≈≈≈......≈≈≈≈≈≈≈≈≈≈≈≈≈≈≈≈≈
≈≈(≈≈≈(≈≈≈≈...)≈≈≈≈≈≈≈≈≈≈≈≈≈≈≈≈≈≈
≈≈≈≈≈≈(≈≈≈≈....≈≈≈≈≈≈≈)≈≈≈≈≈≈≈≈≈≈


You could see 2 hobgoblins, a goblin and a kobold.

Vanquished Creatures
  An orc wizard (D:3)
  An adder (D:3)
  4 gnolls (D:3)
  2 dart slugs
  A giant gecko (D:3)
  3 orcs (D:3)
  A ball python (D:1)
  4 giant cockroaches
  6 goblins
  11 hobgoblins
  3 jackals (D:3)
  A quokka (D:3)
  6 bats
  4 giant newts
  5 kobolds
  6 rats
59 creatures vanquished.

Notes
Turn   | Place    | Note
--------------------------------------------------------------
     0 | D:1      | lorenzova the Merfolk Skald began the quest for the Orb.
     0 | D:1      | Reached XP level 1. HP: 16/16 MP: 3/3
   221 | D:1      | You fall through a shaft!
   280 | D:1      | Reached XP level 2. HP: 21/22 MP: 5/5
   287 | D:1      | Learned a level 2 spell: Song of Slaying
   871 | D:2      | Reached skill level 4 in Charms
   871 | D:2      | Reached XP level 3. HP: 23/27 MP: 0/6
  1363 | D:3      | Found a bloodstained altar of Trog.
  1388 | D:3      | Found a shattered altar of Ashenzari.
  1890 | D:3      | Reached XP level 4. HP: 18/33 MP: 1/8
  2544 | D:3      | Found a deep blue altar of Sif Muna.
  2948 | D:3      | Reached skill level 5 in Charms
  2948 | D:3      | Reached XP level 5. HP: 38/38 MP: 8/10
  3191 | D:3      | Shot with a sling bullet by a hobgoblin

Skill      XL: |  1  2  3  4 |
---------------+-------------+-----
Charms         | 4 5 |  5.1
Spellcasting   | 3 |  3.6
Fighting       | |  2.1
Polearms       | |  3.0
Armour         | |  0.6
Dodging        | |  1.3

Action                   |  1- 3 |  4- 6 || total
-------------------------+-------+-------++-------
Melee: Spear             |   140 |       ||   140
       Halberd           |     5 |    97 ||   102
       Tailslap          |     1 |       ||     1
 Cast: Infusion          |     4 |     2 ||     6
  Eat: Chunk             |     2 |     5 ||     7
Armor: Leather armour    |    19 |       ||    19
       Ring mail         |    27 |    33 ||    60
Dodge: Dodged            |    89 |    60 ||   149
